 Dungeon Crawl Stone Soup version 0.31.0-9-g3a7656b989 (webtiles) character file.

Game seed: 14603709838206026372

96 qw the Shooter (level 4, -14/22 HPs)
             Began as a Spriggan Hunter on Feb 2, 2024.
             Demolished by Menkaure (15 damage)
             ... on level 4 of the Dungeon.
             The game lasted 00:00:05 (1146 turns).

qw the Shooter (Spriggan Hunter)                    Turns: 1146, Time: 00:00:05

Health: -14/22     AC:  2    Str:  7    XL:     4   Next: 41%
Magic:  5/5        EV: 20    Int: 10    God:
Gold:   18         SH:  0    Dex: 20    Spells: 3/3 levels left

rFire   . . .        a - +0 shortbow
rCold   . . .        (shield currently unavailable)
rNeg    . . .        c - +0 robe
rPois   .            (helmet restricted)
rElec   .            (no cloak)
rCorr   .            (gloves unavailable)
SInv    +            (boots unavailable)
Will    .....        (no amulet)
Stlth   ++           (no ring)
HPRegen 0.23/turn    (no ring)
MPRegen 0.09/turn

%: no passive effects
@: very quick
A: very small, no large weapons, unfitting armour, see invisible, speed 3
a: no special abilities


You were on level 4 of the Dungeon.
You visited 1 branch of the dungeon, and saw 3 of its levels.

You collected 93 gold pieces.
You spent 75 gold pieces at shops.


Innate Abilities, Weirdness & Mutations

You are very small and have problems with some larger weapons.
You are too small for most types of armour.
You have supernaturally acute eyesight. (SInv)
You cover ground extremely quickly. (Speed+++)


   Skills:
 - Level 1.5 Fighting
 - Level 5.1 Ranged Weapons
 + Level 4.7 Dodging
 - Level 1.5 Stealth


You had 3 spell levels left.
You didn't know any spells.
Your spell library was empty.

Inventory:

Hand Weapons
 a - a +0 shortbow (weapon)
Armour
 c - a +0 robe (worn)
Scrolls
 d - a scroll of identify
 h - a scroll of enchant armour
Potions
 b - a potion of degeneration {unknown}
 e - a potion of heal wounds {unknown}
 f - 3 potions of resistance
 g - a potion of curing

Dungeon Overview and Level Annotations

Branches:
Dungeon (2/15)

Altars:

Shops:
D:2 [   D:4 ?

Annotations:
D:4 Menkaure


Message History

You shoot an arrow.
The arrow hits the orc priest but does no damage.
The orc priest is heavily wounded.
The orc priest hits you with a +0 mace of protection.
An orc priest comes into view. It is wielding a +0 club.
You shoot an arrow. The arrow hits the orc priest.
The orc priest is almost dead.
Menkaure casts a spell.
Menkaure seems to speed up.
The orc priest barely misses you.
An orc comes into view. It is wielding a +0 short sword.
Enter note:
Enter note:
1140 ||| RETREEEEATING.
You shoot an arrow.
The arrow hits the orc priest but does no damage.
The orc priest is almost dead.
The orc priest mumbles some strange prayers to Beogh against you.
Beogh smites you!
Ouch! That really hurt!
Enter note:
1142 ||| RETREEEEATING.
You see here a +0 leather armour.
You shoot an arrow. The arrow hits the orc priest!
You kill the orc priest!
The orc wizard gestures at you while chanting.
You are confused.
An orc comes into view. It is wielding a +0 club.
1144 ||| DRINKING 2 potions of curing.
You feel better.
1144 ||| (to cure confusion) Menkaure casts a spell at you.
Pain shoots through your body!
Ouch! That really hurt!
You shoot an arrow. The arrow hits Menkaure!
Menkaure is moderately damaged.
Menkaure hits you.
You shoot an arrow. The arrow hits Menkaure.
Menkaure is heavily damaged.
Menkaure hits you!
Ouch! That really hurt!
You die...

#.# #...#.## #.####
#...... #....# #.#.#)
#.##.# ..... #....#
#...#
#######..#####...####.
#..\........##.oK.....
#...........##o#
#...........@M.#
#...........##.#
#........%..##.# #
#.........).##.#.#
#.....).....##.#.###
.........#.###%.......
.#######.#.# #.#.#.###
# #.#.###.#.#.#
#.#.#.......#


You could see Menkaure (fast), an orc wizard (invisible), an orc and a kobold.

Vanquished Creatures
  An orc priest (D:4)
  2 adders
  A ribbon worm (D:1)
  6 ball pythons
  2 endoplasms
  4 giant cockroaches
  7 goblins
  2 hobgoblins
  4 jackals (D:1)
  6 kobolds
  2 quokkas (D:1)
  3 bats
  2 rats (D:1)
42 creatures vanquished.

Notes
Turn   | Place    | Note
-------+----------+-------------------------------------------
     0 | D:1      | qw the Spriggan Hunter began the quest for the Orb.
     0 | D:1      | Reached XP level 1. HP: 10/10 MP: 2/2
     0 | D:1      | 0 ||| qw: Version: 0.3-a-155-g5e7d8dd
     0 | D:1      | 0 ||| qw: Game counter: 2606
     0 | D:1      | 0 ||| qw: Melee chars always use a shield: true
     0 | D:1      | 0 ||| qw: God list: Okawaru
     0 | D:1      | 0 ||| qw: Allow faded altars: false
     0 | D:1      | 0 ||| qw: Do Orc after clearing Dungeon:15 true
     0 | D:1      | 0 ||| qw: Do second Lair branch before Depths: true
     0 | D:1      | 0 ||| qw: Lair rune preference: random
     0 | D:1      | 0 ||| qw: Goals: Normal
     0 | D:1      | 0 ||| PLANNING D:1-11
    73 | D:1      | Reached skill level 3 in Dodging
   186 | D:1      | Reached XP level 2. HP: 14/14 MP: 3/3
   489 | D:1      | Reached XP level 3. HP: 18/18 MP: 4/4
   645 | D:1      | 645 ||| READING scroll labelled WEUSHR UL XAOLL.
   646 | D:1      | 646 ||| READING 2 scrolls labelled PIHOGH KORHETZ.
   646 | D:1      | 646 ||| IDENTIFYING metallic green potion
   647 | D:1      | 647 ||| READING scroll of identify.
   647 | D:1      | 647 ||| IDENTIFYING 2 blue potions
   648 | D:1      | 648 ||| DROPPING scroll of butterflies.
   677 | D:2      | 677 ||| STAIRDANCE
   960 | D:2      | Found Hextoz's Antique Armour Emporium.
  1013 | D:2      | You fall into a shaft and drop 2 floors!
  1069 | D:4      | Reached skill level 5 in Ranged Weapons
  1106 | D:4      | Found Pon Nuecw's Magic Scroll Shoppe.
  1117 | D:4      | 1117 ||| SHOPLISTING scroll of brand weapon (95 gold, have
                  | 93).
  1117 | D:4      | 1117 ||| BUYING scroll of enchant armour (75 gold).
  1117 | D:4      | Bought a scroll of enchant armour for 75 gold pieces
  1117 | D:4      | 1117 ||| SHOPLISTING scroll of identify (20 gold, have 18).
  1117 | D:4      | 1117 ||| SHOPLISTING scroll of teleportation (30 gold, have
                  | 18).
  1132 | D:4      | Reached XP level 4. HP: 22/22 MP: 5/5
  1133 | D:4      | Noticed Menkaure
  1140 | D:4      | 1140 ||| RETREEEEATING.
  1142 | D:4      | 1142 ||| RETREEEEATING.
  1144 | D:4      | 1144 ||| DRINKING 2 potions of curing.
  1144 | D:4      | 1144 ||| (to cure confusion)
  1144 | D:4      | HP: 2/22 [Menkaure/nerve-wracking pain (13)]
  1146 | D:4      | Demolished by Menkaure

Levels and vault maps discovered:
D:1:      sevenhm_arrival_forest_fort_large_4, layout_basic,
          kennysheep_pointless_box
D:2:      layout_loops_ring, serial_shops, shop
D:4:      layout_basic, serial_shops, shop, gammafunk_ghost_nasty_kobolds,
          small_statue_intersection, minmay_misc_feat_rows, uniq_menkaure,
          uniq_blork_the_orc

Skill      XL: |  1  2  3 |
---------------+----------+-----
Dodging        | 3 4 |  4.7
Ranged Weapons | 5 |  5.1
Fighting       | |  1.5
Stealth        | |  1.5

Action                     |  1- 3 |  4- 6 || total
---------------------------+-------+-------++-------
   Fire: Shortbow          |   116 |    10 ||   126
    Use: Scroll            |     3 |       ||     3
         Potion            |       |     1 ||     1
 Armour: Robe              |     9 |     3 ||    12
  Dodge: Dodged            |    45 |     2 ||    47

Table legend:
 A = Non-vault XP
 B = Vault XP
 C = Vault XP percentage of total XP
 D = Non-vault monster count
 E = Vault monster count
 F = Vault count percentage of total count
                 A         B        C        D         E       F
            +---------+---------+-------+---------+---------+-------
      Total |     138 |       0 |   0.0 |      42 |       0 |   0.0
            +---------+---------+-------+---------+---------+-------
        D:1 |      47 |       0 |   0.0 |      25 |       0 |   0.0
        D:2 |      27 |       0 |   0.0 |      10 |       0 |   0.0
        D:4 |      64 |       0 |   0.0 |       7 |       0 |   0.0
            +---------+---------+-------+---------+---------+-------
